 Dungeon Crawl Stone Soup version 0.27.1 (webtiles) character file.

Game seed: 7992556746393852275

14 Rrauwl the Covert (level 2, 0/29 HPs)
             Began as a Gnoll Delver on Aug 24, 2021.
             Killed from afar by an orc wizard (7 damage)
             ... with a puff of flame
             ... on level 4 of the Dungeon.
             The game lasted 00:01:32 (141 turns).

Rrauwl the Covert (Gnoll Delver)                     Turns: 141, Time: 00:01:33

Health: 0/29       AC:  5    Str: 11    XL:     2   Next: 45%
Magic:  2/2        EV: 11    Int:  9    God:
Gold:   11         SH:  0    Dex: 13    Spells: 1/1 levels left

rFire    . . .     SeeInvis .   a - +0 falchion
rCold    . . .     Faith    .   (no shield)
rNeg     . . .     Spirit   .   h - +0 ring mail
rPois    .         Reflect  .   (no helmet)
rElec    .         Harm     .   (no cloak)
rCorr    .         Rampage  .   (no gloves)
Will     .....                  (no boots)
Stlth    +++.......             (no amulet)
HPRegen  0.09/turn              (no ring)
MPRegen  0.08/turn              (no ring)

@: hasted, very quick
A: fangs 1, strong nose, distributed training
a: no special abilities


You were on level 4 of the Dungeon.
You visited 1 branch of the dungeon, and saw 2 of its levels.

You collected 11 gold pieces.

Inventory:

Hand Weapons
 a - a +0 falchion (weapon)
Armour
 h - a +0 ring mail (worn)
Wands
 g - a wand of digging (3)
Scrolls
 b - a scroll of noise {unknown}
 c - a scroll of fog
 d - 2 scrolls of magic mapping
 e - a scroll of fear


   Skills:
 + Level 6.5 Fighting
 + Level 0.4 Short Blades
 + Level 4.5 Long Blades
 + Level 0.4 Axes
 + Level 0.4 Maces & Flails
 + Level 0.4 Polearms
 + Level 0.4 Staves
 + Level 0.4 Slings
 + Level 0.4 Bows
 + Level 0.4 Crossbows
 + Level 0.4 Throwing
 + Level 0.4 Armour
 + Level 4.5 Dodging
 + Level 9.5 Stealth
 + Level 0.4 Shields
 + Level 0.4 Unarmed Combat
 + Level 0.4 Spellcasting
 + Level 0.2 Conjurations
 + Level 0.2 Hexes
 + Level 0.2 Summonings
 + Level 0.2 Necromancy
 + Level 0.2 Translocations
 + Level 0.2 Transmutations
 + Level 0.2 Fire Magic
 + Level 0.2 Ice Magic
 + Level 0.2 Air Magic
 + Level 0.2 Earth Magic
 + Level 0.2 Poison Magic
 + Level 0.5 Invocations
 + Level 0.4 Evocations


You had one spell level left.
You didn't know any spells.
Your spell library was empty.

Dungeon Overview and Level Annotations

Branches:
Dungeon (5/15)
 Temple: D:4-7

Altars:

Shops:
D:5 =


Innate Abilities, Weirdness & Mutations

You have very sharp teeth.
Your uncanny sense of smell can sniff out nearby items.
Your experience applies equally to all skills.


Message History

You open the door.
There is an open door here.
An iguana comes into view.
There is an open door here.
You open the door. 4 orcs come into view.
Found an escape hatch in the ceiling.
An orc wizard comes into view. It is wielding a +0 dagger.
There is an open door here.
The orc wizard shouts!
The orc shouts! x2
You hit the orc.
The orc is severely wounded.
The orc hits you with a +0 hand axe.
You hit the orc.
You kill the orc!
The orc hits you from afar with a +0 trident!
The orc hits you from afar with a +0 trident.
The orc barely misses you.
You riposte.
You closely miss the orc.
The orc hits you from afar with a +0 trident.
The orc wizard casts a spell at you. The magic dart hits you.
There is an escape hatch in the ceiling, spattered with blood here.
Things that are here:
a +0 hand axe; a +0 ring mail; an orc corpse The orc barely misses you. x3; The orc wizard closely misses you.
You riposte.
You barely miss the orc wizard. A mysterious force pulls you upwards.
The hatch slams shut behind you.
You feel yourself speed up. The orc closely misses you.
The orc wizard closely misses you.
You are too injured to fight recklessly!
You hit the orc.
The orc is heavily wounded.
The orc hits you with a +0 short sword.
* * * LOW HITPOINT WARNING * * *
You hit the orc wizard.
The orc wizard is moderately wounded.
The orc hits you but does no damage.
The orc wizard gestures at you while chanting.
The puff of flame hits you!
You die...

################
#o.....#.......#
#oo....#.......#
#@Z....#.......#
#...[..#.......##
#......>..........
#......#.#....#.##
#.....##.#....#.#
#.....##.#....#..
#.....##.#.#### .#
#####....#.# ###+#


You could see an orc wizard, 2 orcs and a bullfrog skeleton.

Vanquished Creatures
  A hound skeleton (D:5)
  An orc (D:5)
2 creatures vanquished.

Notes
Turn   | Place    | Note
-------+----------+-------------------------------------------
     0 | D:5      | Reached skill level 9 in Stealth
     0 | D:5      | Rrauwl the Gnoll Delver began the quest for the Orb.
     0 | D:5      | Reached XP level 1. HP: 23/23 MP: 1/1
    56 | D:5      | Found Wuinusog's Jewellery Emporium.
    66 | D:5      | Reached XP level 2. HP: 24/29 MP: 2/2
   141 | D:4      | Killed from afar by an orc wizard

Illustrated notes

Levels and vault maps discovered:
D:4:      layout_basic, kennysheep_generic_room_11
D:5:      layout_gridville, serial_shops, nicolae_shop_statue_plus, uniq_ijyb

Skill      XL: | |
---------------+-+-----
Stealth        | |  9.5
Fighting       | |  6.5
Short Blades   | |  0.4
Long Blades    | |  4.5
Axes           | |  0.4
Maces & Flails | |  0.4
Polearms       | |  0.4
Staves         | |  0.4
Slings         | |  0.4
Bows           | |  0.4
Crossbows      | |  0.4
Throwing       | |  0.4
Armour         | |  0.4
Dodging        | |  4.5
Shields        | |  0.4
Unarmed Combat | |  0.4
Spellcasting   | |  0.4
Conjurations   | |  0.2
Hexes          | |  0.2
Summonings     | |  0.2
Necromancy     | |  0.2
Translocations | |  0.2
Transmutations | |  0.2
Fire Magic     | |  0.2
Ice Magic      | |  0.2
Air Magic      | |  0.2
Earth Magic    | |  0.2
Poison Magic   | |  0.2
Invocations    | |  0.5
Evocations     | |  0.4

Action                   || total
-------------------------++-------
Melee: Falchion          ||    10
       Bite              ||     2
  Use: Potion            ||     1
Armor: Ring mail         ||     5
Dodge: Dodged            ||    11
       Rpst.: Falchion   ||     3
